 Dungeon Crawl Stone Soup version 0.28-a0-724-g66f9036eb4 (webtiles) character file.

Game seed: 3102251333219379738

6444 AarnesTheHuman the Contemplative (level 11, -8/87 HPs)
             Began as a Formicid Fighter on Oct 27, 2021.
             Was a Priest of Cheibriados.
             Mangled by Sonja (11 damage)
             ... on level 12 of the Dungeon.
             The game lasted 00:21:04 (13269 turns).

AarnesTheHuman the Contemplative (FoFi)            Turns: 13269, Time: 00:21:05

Health: -8/87      AC: 14    Str: 33    XL:     11   Next: 18%
Magic:  14/17      EV: 12    Int: 15    God:    Cheibriados [***...]
Gold:   412        SH:  6    Dex: 18    Spells: 10/10 levels left

rFire   . . .      SeeInvis +   a - +2 long sword
rCold   . . .      Faith    .   c - +0 buckler
rNeg    . . .      Spirit   .   s - +0 plate armour
rPois   .          Reflect  .   (helmet unavailable)
rElec   .          Harm     .   (no cloak)
rCorr   .          Rampage  .   (no gloves)
Will    +....                   (no boots)
Stlth   ..........              (no amulet)
HPRegen 0.24/turn               o - +4 ring of slaying
MPRegen 0.15/turn               p - +4 ring of evasion

@: very slow
A: permanent stasis, dig shafts and tunnels, antennae 3, four strong arms
a: Dig, Shaft Self, Renounce Religion, Bend Time, Temporal Distortion


You were on level 12 of the Dungeon.
You worshipped Cheibriados.
Cheibriados was most pleased with you.
You visited 2 branches of the dungeon, and saw 12 of its levels.

You collected 412 gold pieces.

Inventory:

Hand Weapons
 a - a +2 long sword (weapon)
 j - a +0 whip of freezing
 m - a +0 dagger of draining
 v - a +3 dire flail of holy wrath
Missiles
 l - 62 bolts
 n - 30 poisoned darts (quivered)
 z - 5 atropa-tipped darts
 A - 65 sling bullets
Armour
 b - a +1 scale mail
 c - a +0 buckler (worn)
 s - a +0 plate armour (worn)
Jewellery
 o - a +4 ring of slaying (left hand)
 p - a +4 ring of evasion (right hand)
 u - a ring of resist corrosion
 x - a +4 ring of protection
 y - a ring of wizardry
Wands
 C - a wand of paralysis (10)
 F - a wand of flame (14)
Scrolls
 f - a scroll of holy word {unknown}
 g - a scroll of identify
 h - 2 scrolls of silence
 k - a scroll of magic mapping
 B - a scroll of summoning {unknown}
 D - a scroll of enchant weapon
 E - a scroll of fear
Potions
 e - 3 potions of attraction
 i - 3 potions of curing
 q - 6 potions of flight
 r - 2 potions of magic
 t - 2 potions of cancellation
 w - 2 potions of lignification


   Skills:
 + Level 8.9 Fighting
 + Level 7.9 Long Blades
 + Level 9.0 Armour
 - Level 8.0 Shields
 * Level 9.2 Invocations


You had 10 spell levels left.
You didn't know any spells.
Your spell library contained the following spells:

 Spells                   Type           Power      Damage    Failure   Level
 Animate Skeleton         Necr           0%         N/A       86%         1
 Freeze                   Ice            0%         1d3       86%         1
 Pain                     Necr           0%         1d4       86%         1
 Ensorcelled Hibernation  Hex/Ice        0%         N/A       95%         2
 Sublimation of Blood     Necr           0%         N/A       95%         2
 Call Canine Familiar     Summ           0%         N/A       99%         3
 Frozen Ramparts          Ice            0%         1d2       99%         3
 Ignite Poison            Fire/Tmut/Pois 0%         N/A       99%         3
 Mephitic Cloud           Conj/Pois/Air  0%         N/A       99%         3
 Ozocubu's Armour         Ice            0%         N/A       99%         3
 Portal Projectile        Hex/Tloc       0%         N/A       99%         3
 Spider Form              Tmut/Pois      0%         N/A       99%         3
 Vampiric Draining        Necr           0%         2d6       99%         3
 Hailstorm                Conj/Ice       0%         3d3       100%        4
 Leda's Liquefaction      Hex/Erth       0%         N/A       100%        4
 Petrify                  Tmut/Erth      0%         N/A       100%        4
 Agony                    Necr           0%         N/A       100%        5
 Blade Hands              Tmut           0%         N/A       100%        5
 Excruciating Wounds      Necr           0%         N/A       100%        5
 Freezing Cloud           Conj/Ice/Air   0%         6-21      100%        5
 Irradiate                Conj/Tmut      0%         3d13      100%        5
 Dragon Form              Tmut           0%         N/A       100%        7
 Ozocubu's Refrigeration  Ice            0%         4d5       100%        7


Dungeon Overview and Level Annotations

Branches:
Dungeon (10/15)            Temple (1/1) D:6            Lair (0/6) D:8
    Orc (0/2) D:9

Altars:
Ashenzari
Cheibriados
Dithmenos
Elyvilon
Fedhas
Gozag
Hepliaklqana
Kikubaaqudgha
Makhleb
Nemelex Xobeh
Okawaru
Qazlal
Ru
Sif Muna
Trog
Uskayaw
Vehumet
Wu Jian
Xom
Yredelemnul
Zin
The Shining One

Shops:
D:5 !   D:8 *

Annotations:
D:4 1 runed translucent door, Crazy Yiuf, Natasha
D:12 Sonja


Innate Abilities, Weirdness & Mutations

You cannot be hasted, slowed, berserked, paralysed or teleported.
You can dig through walls and to a lower floor.
You have a pair of large antennae on your head. (SInv)
Your four strong arms can wield two-handed weapons with a shield.


Message History

You begin to dig a shaft.
You continue digging a shaft.
The polar bear simulacrum bites you. The polar bear simulacrum freezes you!
The polar bear simulacrum claws you but does no damage.
The polar bear simulacrum misses you. A shaft appears beneath you!
You fall into a shaft and drop 3 floors!
The shaft crumbles and collapses.
Sonja shouts!
You barely miss Sonja.
You block Sonja's attack. x2; Sonja barely misses you.
You completely miss Sonja. You block Sonja's attack.
Sonja hits you with a +2 short sword of distortion.
Space warps around you.
* * * LOW HITPOINT WARNING * * *
Sonja hits you with a +2 short sword of distortion.
* * * LOW HITPOINT WARNING * * *
Okay, then.
Press: ? - help, v - describe, . - travel
Here: Sonja, wielding a +2 short sword of distortion and quivering curare-tipped darts The floor.
Unknown command.
Unknown command.
You feel much better. Sonja hits you but does no damage.
Space warps horribly around you!
* * * LOW HITPOINT WARNING * * *
Sonja hits you but does no damage. You block Sonja's attack.
Sonja shouts, "Some dancing partner you are!"
Sonja hits you with a +2 short sword of distortion.
* * * LOW HITPOINT WARNING * * *
Space warps around you.
* * * LOW HITPOINT WARNING * * *
Sonja closely misses you. Sonja hits you but does no damage.
Space warps around you.
* * * LOW HITPOINT WARNING * * *
The flow of time bends around you.
Cheibriados rebukes Sonja.
Sonja seems to slow down.
Sonja hits you with a +2 short sword of distortion.
* * * LOW HITPOINT WARNING * * *
Space warps horribly around you!
You die...

###############
.......@.......
####..K...####.
.............
...............
...............
+########......
...... ......


You could see Sonja (slow).

Vanquished Creatures
  Pikel (D:3)
  3 centaur zombies (D:6)
  Psyche (D:9)
  2 trolls (D:8)
  A hornet (D:8)
  A shadow (D:5)
  Sigmund (D:2)
  Eustachio (D:4)
  3 yaks (D:9)
  2 water moccasins
  Edmund (D:6)
  Duvessa (D:4)
  2 orc warriors
  A sky beast (D:7)
  3 ogres
  A wolf (D:8)
  A phantom (D:5)
  2 kobold brigands
  A scorpion (D:5)
  A bullfrog (D:7)
  3 wyvern zombies
  Dowan (D:4)
  A wyvern skeleton (D:7)
  2 gnoll sergeants (D:8)
  2 water moccasin zombies
  A howler monkey (D:7)
  8 wights
  4 electric eels (D:8)
  2 centaur skeletons
  2 jellies
  2 bullfrog zombies (D:6)
  6 orc priests
  A gnoll shaman (D:9)
  10 hounds
  A bullfrog skeleton (D:6)
  3 iguanas
  Natasha (D:4)
  10 orc wizards
  19 gnolls
  8 adders
  A white imp (D:5)
  An ufetubus (D:4)
  2 worms
  A dart slug (D:2)
  26 orcs
  3 endoplasms
  5 giant cockroaches
  8 goblins
  8 hobgoblins
  3 quokkas
  8 ball pythons
  2 bats
  2 frilled lizards
  9 kobolds
  6 rats
202 creatures vanquished.

Vanquished Creatures (others)
  15 plants (D:7)
15 creatures vanquished.

Grand Total: 217 creatures vanquished

Notes
Turn   | Place    | Note
-------+----------+-------------------------------------------
     0 | D:1      | AarnesTheHuman the Formicid Fighter began the quest for the
                  | Orb.
     0 | D:1      | Reached XP level 1. HP: 18/18 MP: 1/1
   340 | D:1      | Reached XP level 2. HP: 22/24 MP: 2/2
   703 | D:2      | Reached XP level 3. HP: 19/29 MP: 3/3
   912 | D:2      | You fall into a shaft and drop 2 floors!
   913 | D:4      | Noticed Eustachio
  1291 | D:3      | Reached XP level 4. HP: 26/37 MP: 4/4
  1556 | D:3      | Found a shimmering blue altar of Sif Muna.
  1557 | D:3      | Found a bloodstained altar of Trog.
  1558 | D:3      | Found an opulent altar of Gozag.
  1559 | D:3      | Found a broken altar of Ashenzari.
  1633 | D:3      | Found a white marble altar of Elyvilon.
  2046 | D:3      | Reached XP level 5. HP: 42/42 MP: 5/5
  2469 | D:2      | Found a faded altar of an unknown god.
  2662 | D:2      | Noticed Sigmund
  2672 | D:2      | Killed Sigmund
  2673 | D:2      | Reached skill level 5 in Shields
  2673 | D:2      | Reached XP level 6. HP: 46/49 MP: 6/6
  3073 | D:4      | Noticed Natasha
  3078 | D:4      | Killed Natasha
  3432 | D:4      | Killed Eustachio
  3433 | D:4      | Reached skill level 5 in Fighting
  3433 | D:4      | Reached skill level 5 in Armour
  3433 | D:4      | Reached XP level 7. HP: 26/56 MP: 7/7
  4237 | D:4      | Found a hazy altar of Hepliaklqana.
  4268 | D:4      | Noticed Natasha
  4510 | D:4      | Noticed Duvessa
  4519 | D:4      | Noticed Dowan
  4543 | D:4      | Killed Duvessa
  4544 | D:4      | Reached XP level 8. HP: 20/63 MP: 8/8
  4546 | D:4      | Killed Dowan
  4854 | D:4      | You fall into a shaft and drop 3 floors!
  4854 | D:7      | Found a shadowy altar of Dithmenos.
  5285 | D:7      | Reached skill level 5 in Long Blades
  5609 | D:6      | Noticed Edmund
  5628 | D:6      | Killed Edmund
  5629 | D:6      | Reached XP level 9. HP: 6/71 MP: 9/9
  6141 | D:6      | Found a staircase to the Ecumenical Temple.
  6153 | Temple   | Entered the Ecumenical Temple
  6234 | Temple   | Became a worshipper of Cheibriados the Contemplative
  6465 | D:7      | Reached skill level 1 in Invocations
  7259 | D:5      | Entered Level 5 of the Dungeon
  7585 | D:4      | Found a runed translucent door.
  7586 | D:4      | Noticed Crazy Yiuf
  7631 | D:4      | Noticed Pikel
  7647 | D:3      | Killed Pikel
  7648 | D:3      | Reached skill level 5 in Invocations
  7648 | D:3      | Reached XP level 10. HP: 57/79 MP: 12/14
  7917 | D:5      | Found Hoihot's Distillery.
  7925 | D:5      | Reached * piety under Cheibriados
  8219 | D:5      | Found a hide-covered altar of Uskayaw.
  8702 | D:6      | Found a basalt altar of Yredelemnul.
  8715 | D:6      | Reached ** piety under Cheibriados
  9047 | D:6      | Found an ancient bone altar of Kikubaaqudgha.
 11195 | D:8      | Found a staircase to the Lair.
 11221 | D:8      | Reached *** piety under Cheibriados
 11527 | D:8      | Found Nacig's Assorted Antiques.
 11843 | D:8      | Found a shimmering altar of Xom.
 11855 | D:8      | Found a shadowy altar of Dithmenos.
 11855 | D:8      | Found an opulent altar of Gozag.
 11857 | D:8      | Found a basalt altar of Yredelemnul.
 11857 | D:8      | Found a glowing golden altar of the Shining One.
 11857 | D:8      | Found a shadowy altar of Dithmenos.
 12262 | D:9      | Reached XP level 11. HP: 68/84 MP: 17/17
 12344 | D:9      | Found a staircase to the Orcish Mines.
 12709 | D:9      | Noticed Psyche
 12730 | D:10     | Entered Level 10 of the Dungeon
 12971 | D:9      | Killed Psyche
 13200 | D:9      | Found a glowing silver altar of Zin.
 13261 | D:9      | Noticed a necromancer
 13265 | D:9      | You fall into a shaft and drop 3 floors!
 13265 | D:12     | Noticed Sonja
 13269 | D:12     | HP: 3/87 [Sonja (4)]
 13269 | D:12     | Mangled by Sonja

Illustrated notes

Levels and vault maps discovered:
D:1:      lemuel_arrival_room, layout_loops_ring
D:2:      layout_loops_corners, ebering_ecumenical_altar_petrified,
          minmay_tall_x, uniq_sigmund, uniq_robin
D:3:      layout_loops_cross, marbit_many_paths, mainiacjoe_overflow_alcove_3,
          hangedman_feature_mirror
D:4:      layout_loops_ring, old_standard_altar, roderic_roman_lattice,
          uniq_pikel, uniq_crazy_yiuf_cottage, uniq_duvessa, uniq_eustachio,
          uniq_natasha
D:5:      layout_layer_cave, mainiacjoe_overflow_concentric_impassable,
          kennysheep_windowed_goal
D:6:      layout_rooms, nicolae_yredelemnul_corpse_copse,
          lemuel_coloured_pillars_altar, minmay_temple_entry_ruins, uniq_edmund
D:7:      layout_loops_cross, mainiacjoe_overflow_paths, serial_bayou_pond_c,
          serial_park_tiny_1
D:8:      layout_basic, doesnt_xom_only_xom, erik_lair_island, serial_shops,
          nicolae_shop_trees
D:9:      layout_gridville, zin_academy, orc_0_dummy, eino_house_with_fridge,
          uniq_psyche
D:10:     layout_long_grid, uniq_nergalle, uniq_gastronok
D:12:     layout_stronghold, fedhas_altar_3, uniq_sonja, uniq_fannar
Temple:   compressed_dpeg_circular_temple

Skill      XL: |  1  2  3  4  5  6  7  8  9 10 11 |
---------------+----------------------------------+-----
Shields        | 4 5 6 7 8 |  8.0
Fighting       | 4 5 6 7 8 |  8.9
Armour         | 4 5 6 7 8 9 |  9.0
Long Blades    | 3 4 5 6 7 |  7.9
Invocations    | 5 8 9 |  9.2

Action                   |  1- 3 |  4- 6 |  7- 9 | 10-12 || total
-------------------------+-------+-------+-------+-------++-------
Melee: Long sword        |    26 |    31 |   248 |   244 ||   549
       Whip              |    34 |    81 |       |       ||   115
Throw: Dart              |     4 |     7 |       |    60 ||    71
       Throwing net      |       |       |       |     2 ||     2
Invok: Bend Time         |       |       |       |     1 ||     1
 Abil: Dig               |       |     2 |     3 |     2 ||     7
       Shaft Self        |       |       |       |     1 ||     1
  Use: Scroll            |       |    10 |     9 |     4 ||    23
       Potion            |       |       |     1 |     2 ||     3
 Stab: Distracted        |       |       |     1 |       ||     1
Armor: Scale mail        |    21 |    42 |    76 |    27 ||   166
       Plate armour      |       |       |       |    53 ||    53
Dodge: Dodged            |    20 |    74 |   161 |   121 ||   376
Block: Buckler           |    13 |    25 |    78 |    62 ||   178

Table legend: (Time is in decaauts)
 A = Elapsed time spent in this place.
 B = Non-inter-level travel time spent in this place.
 C = Inter-level travel time spent in this place.
 D = Time resting spent in this place.
 E = Time spent auto-exploring this place.
 F = Levels seen in this place.
 G = Mean time per level.
                   A        B        C        D        E       F      G
               +--------+--------+--------+--------+--------+-----+--------+
         Total |  14626 |  14264 |    362 |   5522 |   6675 |  12 | 1218.8 |
       Dungeon |  14530 |  14181 |    349 |   5522 |   6607 |  11 | 1320.9 |
        Temple |     95 |     83 |     12 |      0 |     68 |   1 |   95.0 |
               +--------+--------+--------+--------+--------+-----+--------+

Top non-repeatable levels by time:
     D:8: 3004 daAuts
     D:4: 2195 daAuts
     D:7: 2115 daAuts
     D:3: 1647 daAuts
     D:6: 1538 daAuts
     D:2: 1062 daAuts
     D:9: 1057 daAuts
     D:5: 961 daAuts
     D:1: 714 daAuts
    D:10: 230 daAuts
  Temple: 95 daAuts
    D:12: 3 daAuts
